 Dungeon Crawl Stone Soup version 0.30-a0-6-g7c9e10e132 (webtiles) character file.

Game seed: 11432943664162749412

993 greenreed the Ruffian (level 8, 0/67 HPs)
             Began as a Ghoul Monk on Aug 22, 2022.
             Slain by an unseen horror (7 damage)
             ... on level 4 of the Dungeon.
             The game lasted 00:09:20 (6306 turns).

greenreed the Ruffian (Ghoul Monk)                  Turns: 6306, Time: 00:09:20

Health: 0/67       AC:  8    Str: 17    XL:     8   Next: 19%
Magic:  7/7        EV: 11    Int:  5    God:
Gold:   399        SH:  0    Dex: 17    Spells: 7/7 levels left

rFire   . . .      SeeInvis .      - Unarmed
rCold   + + .      Faith    .    (no shield)
rNeg    + + +      Spirit   .    y - +2 scale mail {rC+}
rPois   ∞          Reflect  .    (no helmet)
rElec   .          Harm     .    (no cloak)
rCorr   .          Rampage  .    (no gloves)
Will    .....                    (no boots)
Stlth   ..........               (no amulet)
HPRegen 0.00/turn                h - +6 ring of dexterity
MPRegen 0.10/turn                w - ring of flight

@: confused, ambrosia-drunk, flying, inhibited regen
A: claws 1, cold resistance 1, negative energy resistance 3, inhibited
regeneration, torment resistance 2, devour on kill
a: no special abilities


You were on level 4 of the Dungeon.
You visited 1 branch of the dungeon, and saw 5 of its levels.

You collected 399 gold pieces.

Inventory:

Missiles
 j - 5 poisoned darts (quivered)
Armour
 a - a +0 robe
 y - a +2 scale mail of cold resistance (worn)
Jewellery
 h - a +6 ring of dexterity (left claw)
 q - a +6 ring of dexterity
 w - a ring of flight (right claw)
Wands
 r - a wand of charming (4)
Scrolls
 c - 2 scrolls of enchant armour {unknown}
 d - 5 scrolls of teleportation {unknown}
 e - 3 scrolls of identify {unknown}
 m - a scroll of enchant weapon {unknown}
 n - a scroll of brand weapon {unknown}
 o - a scroll of noise {unknown}
 t - a scroll of magic mapping {unknown}
 u - a scroll of amnesia {unknown}
 x - a scroll of blinking {unknown}
Potions
 f - a potion of resistance {unknown}
 g - 4 potions of curing {unknown}
 i - 2 potions of flight {unknown}
 k - a potion of degeneration {unknown}
 l - a potion of lignification {unknown}
 p - 2 potions of berserk rage {unknown}
 s - a potion of magic {unknown}
 v - a potion of attraction {unknown}
 z - 2 potions of cancellation {unknown}


   Skills:
 + Level 4.6 Fighting
 + Level 0.3 Armour
 + Level 4.3 Dodging
 + Level 5.7 Stealth
 + Level 7.8 Unarmed Combat


You had 7 spell levels left.
You didn't know any spells.
Your spell library contained the following spells:

 Spells                   Type           Power      Damage    Failure   Level
 Necrotise                Necr           0%         1d4       88%         1
 Vampiric Draining        Necr           0%         2d6       99%         3
 Agony                    Necr           0%         N/A       100%        5


Dungeon Overview and Level Annotations

Branches:
Dungeon (5/15)
 Temple: D:4-7

Altars:
Cheibriados
Gozag
Kikubaaqudgha
Ru
Sif Muna

Shops:
D:1 *


Innate Abilities, Weirdness & Mutations

You are immune to poison.
You have sharp fingernails.
Your flesh is cold resistant. (rC+)
You are immune to negative energy. (rN+++)
You do not regenerate when monsters are visible.
You are immune to unholy pain and torment.
You thrive by killing the living.


Message History

Something hits you. Something hits you but does no damage.
No target in view!
There is a stone staircase leading up here.
Something hits you but does no damage.
You see here a +0 falchion.
Something hits you. Something hits you but does no damage. Something hits you.
You scratch something but do no damage. You claw something.
Something hits you but does no damage. Something hits you.
You barely miss something. Something hits you but does no damage.
Something hits you!
There is a stone staircase leading up here.
You can't go down here!
Something barely misses you. Something hits you.
* * * LOW HITPOINT WARNING * * *
You fly upwards.
Reactivating autopickup.
There is a stone staircase leading down here.
You start waiting.
Something hits you.
* * * LOW HITPOINT WARNING * * *
Deactivating autopickup; reactivate with Ctrl-A.
Something hits you but does no damage.
Things that are here:
a +0 leather armour; a +0 hand axe Something hits you but does no damage.
Something hits you.
* * * LOW HITPOINT WARNING * * *
Something barely misses you. Something hits you but does no damage.
Something hits you.
* * * LOW HITPOINT WARNING * * *
Something completely misses you. Something hits you.
* * * LOW HITPOINT WARNING * * *
You are confused.
You feel invigorated. Something hits you.
* * * LOW HITPOINT WARNING * * *
Something hits you!
You die...

..........)......#.##.#...#......
........#........#....'....(.....
........#........#....#..........
####...#########......#..........
# #.#.###########....#..........
# #.#...........#....#..........
# #.#.........#.#...............
####...........#.#...............
..####.........#@#.#.............
..# #.........#.#<))....#.##....
..# #.........#.#.###.###.##....
..####...........#.........##)...
.................#...........[...
......#########..................
.......# #)[................
.#.....# ##>)...............
.+.....# ###...............


There were no monsters in sight!

Vanquished Creatures
  A black bear (D:5)
  2 ogres (D:4)
  3 phantoms
  A gnoll sergeant (D:5)
  2 scorpions (D:5)
  An orc priest (D:5)
  A jelly (D:5)
  Jessica (D:2)
  An iguana (D:5)
  An orc wizard (D:3)
  8 gnolls
  2 adders (D:3)
  3 dart slugs
  7 orcs
  6 bats
  11 endoplasms
  2 giant cockroaches (D:3)
  11 hobgoblins
  2 jackals (D:3)
  9 kobolds
  3 quokkas
  9 ball pythons
  A frilled lizard (D:1)
  3 goblins
  5 rats
96 creatures vanquished.

Vanquished Creatures (others)
  An orc wizard (D:3)
1 creature vanquished.

Grand Total: 97 creatures vanquished

Notes
Turn   | Place    | Note
-------+----------+-------------------------------------------
     0 | D:1      | greenreed the Ghoul Monk began the quest for the Orb.
     0 | D:1      | Reached XP level 1. HP: 19/19 MP: 0/0
   168 | D:1      | Reached XP level 2. HP: 26/26 MP: 1/1
   179 | D:1      | Found Voteyric's Assorted Antiques.
   739 | D:1      | Reached XP level 3. HP: 31/31 MP: 2/2
   829 | D:1      | Reached skill level 4 in Unarmed Combat
  1318 | D:2      | Noticed Jessica
  1324 | D:2      | Killed Jessica
  1325 | D:2      | Reached XP level 4. HP: 39/40 MP: 3/3
  2297 | D:3      | Reached XP level 5. HP: 11/46 MP: 4/4
  2582 | D:3      | Found an ancient bone altar of Kikubaaqudgha.
  2596 | D:3      | Found a sacrificial altar of Ru.
  2596 | D:3      | Found a snail-covered altar of Cheibriados.
  2742 | D:3      | Found a faded altar of an unknown god.
  3078 | D:4      | Noticed a phantom
  3097 | D:3      | Killed a phantom
  3098 | D:3      | Reached skill level 5 in Unarmed Combat
  3098 | D:3      | Reached XP level 6. HP: 43/52 MP: 5/5
  3639 | D:4      | Reached skill level 6 in Unarmed Combat
  3639 | D:4      | Reached XP level 7. HP: 29/59 MP: 6/6
  3851 | D:4      | Found a shimmering blue altar of Sif Muna.
  3997 | D:5      | Entered Level 5 of the Dungeon
  4310 | D:5      | Reached skill level 5 in Stealth
  4347 | D:5      | Reached skill level 7 in Unarmed Combat
  4379 | D:5      | HP: 2/59 [gnoll sergeant/+0 trident of freezing (2)]
  4661 | D:5      | Found an opulent altar of Gozag.
  5423 | D:5      | Reached XP level 8. HP: 46/67 MP: 7/7
  6306 | D:4      | Slain by an unseen horror

Illustrated notes

Levels and vault maps discovered:
D:1:      saegor_arrival_under_anarchy, layout_loops_ring, serial_shops,
          nicolae_shop_hallway_plus, serial_park_tiny_pond
D:2:      layout_loops_ring, grunt_decor_junction, minmay_misc_feat_nine_boxes,
          uniq_jessica
D:3:      layout_basic, nicolae_overflow_hidden_temple,
          mainiacjoe_overflow_boulevard, gammafunk_temple_overflow_wave,
          shapermc_ecumenical_altar_flowoftime, corexii_hall_statues_x
D:4:      layout_basic, kennysheep_mini
D:5:      cheibrodos_barr_body, layout_cave_pools, lemuel_tele_altar,
          amcnicky_altar_gilded

Skill      XL: |  1  2  3  4  5  6  7 |
---------------+----------------------+-----
Dodging        | 3 4 |  4.3
Unarmed Combat | 4 5 6 7 |  7.8
Stealth        | 3 4 5 |  5.7
Fighting       | 4 |  4.6
Armour         | |  0.3

Action                   |  1- 3 |  4- 6 |  7- 9 || total
-------------------------+-------+-------+-------++-------
Melee: Unarmed           |   117 |   121 |   101 ||   339
       Punch             |     2 |     5 |     8 ||    15
  Use: Potion            |       |       |     1 ||     1
 Stab: Sleeping          |     5 |    15 |     3 ||    23
Armor: Robe              |    17 |     8 |     5 ||    30
       Scale mail        |       |       |    22 ||    22
Dodge: Dodged            |    66 |    49 |    62 ||   177

Table legend: (Time is in decaauts)
 A = Elapsed time spent in this place.
 B = Non-inter-level travel time spent in this place.
 C = Inter-level travel time spent in this place.
 D = Time resting spent in this place.
 E = Time spent auto-exploring this place.
 F = Levels seen in this place.
 G = Mean time per level.
                   A        B        C        D        E       F      G
               +--------+--------+--------+--------+--------+-----+--------+
         Total |   6281 |   6079 |    202 |   1276 |   3844 |   5 | 1256.2 |
       Dungeon |   6281 |   6079 |    202 |   1276 |   3844 |   5 | 1256.2 |
               +--------+--------+--------+--------+--------+-----+--------+

Top non-repeatable levels by time:
     D:4: 2259 daAuts
     D:3: 1274 daAuts
     D:1: 1124 daAuts
     D:5: 888 daAuts
     D:2: 733 daAuts
